 Dungeon Crawl Stone Soup version 0.29.0-4-gdea44cf6ec (webtiles) character file.

Game seed: 14311704160805141840

12049 qw the Brawler (level 11, 0/107 HPs)
             Began as a Troll Cinder Acolyte on Aug 31, 2022.
             Was a Priest of Okawaru.
             Slain by a death yak (17 damage)
             ... on level 2 of the Lair of Beasts.
             The game lasted 00:06:33 (8493 turns).

qw the Brawler (Troll Cinder Acolyte)               Turns: 8493, Time: 00:06:33

Health: 0/107      AC:  9    Str: 28    XL:     11   Next: 57%
Magic:  13/13      EV: 10    Int: 10    God:    Okawaru [***...]
Gold:   569        SH:  0    Dex:  5    Spells: 12/12 levels left

rFire   . . .      SeeInvis +     - Unarmed
rCold   . . .      Faith    .   (no shield)
rNeg    . . .      Spirit   .   q - +0 troll leather armour
rPois   .          Reflect  .   d - +2 hat of Courage {Regen+}
rElec   .          Harm     .   (no cloak)
rCorr   .          Rampage  .   (gloves unavailable)
Will    .....                   (boots unavailable)
Stlth   ++........              m - amulet "Heunif" {RegenMP Regen+}
HPRegen 3.47/turn               g - ring of see invisible
MPRegen 0.53/turn               (no ring)

@: about to teleport, heroic, fire susceptible
A: large, unfitting armour, claws 3, regeneration 1, shaggy fur 1, tough skin 1,
fire resistance 1, noise suppression
a: Renounce Religion, Heroism


You were on level 2 of the Lair of Beasts.
You worshipped Okawaru.
Okawaru was most pleased with you.
You visited 2 branches of the dungeon, and saw 13 of its levels.

You collected 569 gold pieces.


Innate Abilities, Weirdness & Mutations

You are too large for most types of armour.
You have claws for hands.
Your natural rate of healing is unusually fast.
You are covered in fur. (AC +1)
You have tough skin. (AC +1)
Your flesh is heat resistant. (rF+)
You passively dampen the noise of your surroundings.


   Skills:
 + Level 6.6(11.6) Fighting
 - Level 2.0(7.0) Throwing
 - Level 1.2(6.2) Armour
 - Level 1.3(6.3) Dodging
 - Level 16.0(21.0) Unarmed Combat
 - Level 1.0 Spellcasting
 - Level 2.1 Fire Magic
 - Level 4.0 Invocations


You had 12 spell levels left.
You didn't know any spells.
Your spell library contained the following spells:

 Spells                   Type           Power      Damage    Failure   Level
 Scorch                   Fire           8%         2d5       24%         2

Inventory:

Missiles
 a - 4 boomerangs (quivered)
Armour
 d - the +2 hat of Courage (worn) {Regen+}
   (You acquired it on level 7 of the Dungeon)

   Regen:     It increases your rate of health regeneration.
 q - a +0 troll leather armour (worn)
Jewellery
 g - a ring of see invisible (left claw)
 m - the amulet "Heunif" (around neck) {RegenMP Regen+}
   (You found it on level 4 of the Dungeon)

   [amulet of magic regeneration]

   It increases your rate of magic regeneration.
   Regen:     It increases your rate of health regeneration.
Scrolls
 f - a scroll of teleportation
 j - a scroll of enchant weapon
 k - 2 scrolls of identify
Potions
 b - a potion of haste
 e - 4 potions of might
 h - 4 potions of mutation
 l - a potion of cancellation
 n - a potion of resistance
 o - a potion of curing
 p - a potion of magic {unknown}

Dungeon Overview and Level Annotations

Branches:
Dungeon (11/15)            Temple (0/1) D:6            Lair (1/5) D:10
    Orc: D:9-12

Altars:
Fedhas
Kikubaaqudgha
Okawaru
Ru
The Shining One

Shops:
D:8 *

Portals:
Trove: D:10 (lose all piety)

Annotations:
D:7 1 runed translucent door, Crazy Yiuf


Message History

HP restored.
You feel sick.
You start resting.
HP restored.
You feel sick.
You start resting.
HP restored.
You feel sick.
You are no longer poisoned.
You start resting.
HP restored.
k - 2 scrolls of identify (gained 1)
Found an arbalest.
You now have 569 gold pieces (gained 20). 2 komodo dragons and a boulder beetle come into view.
Found 8 stones and a potion of mutation.
The komodo dragon hisses angrily.
The boulder beetle curls into a ball and begins rolling!
8486 ||| INVOKING Heroism.
You gain the combat prowess of a mighty hero.
The boulder beetle hits you!!!
The boulder beetle stops rolling and uncurls.
8487 ||| Stepping ~*~*~tactically~*~*~ (outnumbered).
The boulder beetle attacks as you move away!
The boulder beetle bites you!!
The komodo dragon attacks as you move away!
The komodo dragon bites you but does no damage.
You completely miss the komodo dragon. The komodo dragon bites you!!
8489 ||| READING 2 scrolls of teleportation.
As you read the scroll of teleportation, it crumbles to dust.
You feel strangely unstable. The komodo dragon bites you!
You mangle the komodo dragon!!
The komodo dragon is severely wounded.
A death yak comes into view.
You scratch the death yak but do no damage.
You barely miss the death yak. You claw the death yak!!
The death yak is moderately wounded.
You barely miss the death yak.
The death yak is moderately wounded.
The death yak gores you!
You die...

...###...!.........#
..........#..~##..P#
.............###..##
..........#..# #..# #
..........#..###..# !#
..........#..##~..# .#
..........#......##..#
..........#.......#..
....#.#.#.#....#@#.##
....##.%#########Yl$#
..........# #..B#).#
.........## #(.0l ###
.....#..#.#######
....P...P..#...####+###
.......................
.......................
.......................


You could see a death yak and a komodo dragon.

Vanquished Creatures
  Fannar (Lair:1)
  A two-headed ogre (D:10)
  2 black mambas (Lair:2)
  An unseen horror (D:10)
  2 cane toads (Lair:1)
  Psyche (D:8)
  A polar bear (Lair:2)
  3 trolls
  Prince Ribbit (D:8)
  2 hornets
  A shadow (D:11)
  2 wyverns (D:9)
  2 fire elementals (D:10)
  A steam dragon (D:9)
  22 yaks
  A basilisk (Lair:1)
  Edmund (D:4)
  4 orc warriors
  2 sky beasts (D:7)
  3 ice beasts
  A black bear (D:6)
  An ogre (D:5)
  A phantom (D:7)
  2 centaurs
  A kobold brigand (D:8)
  5 bullfrogs
  3 gnoll sergeants
  4 scorpions
  9 wights
  3 killer bees (D:9)
  4 howler monkeys
  3 electric eels (D:10)
  3 hounds
  4 jellies
  4 orc priests
  4 iguanas
  4 orc wizards
  14 gnolls
  6 adders
  2 white imps
  An ufetubus (D:7)
  32 orcs
  7 ball pythons
  7 endoplasms
  2 giant cockroaches
  5 goblins
  8 hobgoblins
  3 jackals
  12 kobolds
  5 quokkas
  3 bats (D:1)
  2 frilled lizards
  6 rats
225 creatures vanquished.

Vanquished Creatures (others)
  A human (D:10)
  An orc (D:10)
  A fungus (Lair:1)
  21 plants
24 creatures vanquished.

Grand Total: 249 creatures vanquished

Notes
Turn   | Place    | Note
-------+----------+-------------------------------------------
     0 | D:1      | qw the Troll Cinder Acolyte began the quest for the Orb.
     0 | D:1      | Reached XP level 1. HP: 22/22 MP: 1/1
     0 | D:1      | 0 ||| qw: Version: 0.1-a-97-g2dd2ca4
     0 | D:1      | 0 ||| qw: Game counter: 4512
     0 | D:1      | 0 ||| qw: Always use a shield: true
     0 | D:1      | 0 ||| qw: God list: Okawaru
     0 | D:1      | 0 ||| qw: Allow faded altars: false
     0 | D:1      | 0 ||| qw: Do Orc after D:15 true
     0 | D:1      | 0 ||| qw: Do second Lair branch before Depths: true
     0 | D:1      | 0 ||| qw: Lair rune preference: random
     0 | D:1      | 0 ||| qw: Plans: Normal
     0 | D:1      | 0 ||| PLANNING D:1-11
   120 | D:1      | Reached XP level 2. HP: 26/29 MP: 2/2
   632 | D:1      | Reached skill level 4 in Unarmed Combat
   789 | D:1      | 789 ||| READING scroll labelled BORRAN CIPOLAE.
   790 | D:1      | 790 ||| READING scroll labelled GUEDUDI EXTOTI.
   791 | D:1      | 791 ||| READING scroll labelled YVIPEICREUKHE.
   792 | D:1      | 792 ||| READING scroll labelled QOAX JUOKLUP.
   793 | D:1      | 793 ||| Stepping randomly (stuck).
   794 | D:1      | 794 ||| Stepping randomly (stuck).
   795 | D:1      | 795 ||| Stepping ~*~*~tactically~*~*~ (cloud).
  1003 | D:2      | Reached XP level 3. HP: 36/36 MP: 3/3
  1447 | D:2      | 1447 ||| READING scroll labelled JELEOM REFRU.
  1452 | D:2      | 1452 ||| READING scroll labelled ICOCLO DUORCH.
  1453 | D:2      | 1453 ||| READING scroll labelled KERAUTZODA.
  1595 | D:3      | 1595 ||| Stepping ~*~*~tactically~*~*~ (stealth).
  1732 | D:3      | 1732 ||| FLEEEEING.
  1733 | D:3      | 1733 ||| FLEEEEING.
  1734 | D:3      | 1734 ||| FLEEEEING.
  1735 | D:3      | 1735 ||| FLEEEEING.
  1736 | D:3      | 1736 ||| FLEEEEING.
  1737 | D:3      | 1737 ||| FLEEEEING.
  1739 | D:3      | 1739 ||| FLEEEEING.
  1740 | D:3      | 1740 ||| FLEEEEING.
  1744 | D:3      | 1744 ||| FLEEEEING.
  1745 | D:3      | 1745 ||| FLEEEEING.
  1747 | D:3      | 1747 ||| FLEEEEING.
  1748 | D:3      | 1748 ||| FLEEEEING.
  1749 | D:3      | 1749 ||| FLEEEEING.
  1750 | D:3      | 1750 ||| FLEEEEING.
  1751 | D:3      | 1751 ||| FLEEEEING.
  1762 | D:3      | 1762 ||| FLEEEEING.
  1763 | D:3      | 1763 ||| FLEEEEING.
  1765 | D:3      | 1765 ||| FLEEEEING.
  2026 | D:3      | You fall into a shaft and drop 2 floors!
  2026 | D:5      | Entered Level 5 of the Dungeon
  2027 | D:5      | Noticed a scorpion
  2041 | D:5      | 2041 ||| INVOKING Fiery Armour.
  2042 | D:5      | Killed a scorpion
  2043 | D:5      | Reached skill level 5 in Unarmed Combat
  2043 | D:5      | Reached XP level 4. HP: 20/44 MP: 4/4
  2072 | D:5      | 2072 ||| Stepping ~*~*~tactically~*~*~ (stealth).
  2074 | D:5      | 2074 ||| Stepping ~*~*~tactically~*~*~ (stealth).
  2077 | D:5      | 2077 ||| Stepping ~*~*~tactically~*~*~ (stealth).
  2082 | D:5      | 2082 ||| Stepping ~*~*~tactically~*~*~ (hiding).
  2088 | D:5      | Reached XP level 5. HP: 50/50 MP: 5/5
  2092 | D:5      | Reached skill level 6 in Unarmed Combat
  2226 | D:5      | 2226 ||| READING scroll labelled QYVAVV QEOMAU.
  2227 | D:5      | 2227 ||| READING scroll labelled CEPUCU NOMI.
  2228 | D:5      | 2228 ||| READING 2 scrolls labelled REMEUSITRI.
  2745 | D:4      | Reached XP level 6. HP: 59/59 MP: 6/6
  2784 | D:4      | Noticed Edmund
  2785 | D:4      | 2785 ||| Stepping ~*~*~tactically~*~*~ (stealth).
  2799 | D:4      | 2799 ||| INVOKING Fiery Armour.
  2802 | D:4      | Killed Edmund
  2803 | D:4      | Reached skill level 7 in Unarmed Combat
  2844 | D:4      | Noticed an ice beast
  2847 | D:4      | 2847 ||| Stepping ~*~*~tactically~*~*~ (stealth).
  2849 | D:4      | Killed an ice beast
  2884 | D:4      | Reached skill level 8 in Unarmed Combat
  2884 | D:4      | Reached XP level 7. HP: 66/66 MP: 7/7
  2891 | D:4      | Reached skill level 3 in Fighting
  3010 | D:4      | Identified the amulet "Heunif" {RegenMP Regen+}
  3094 | D:4      | Identified the +7 dagger "Voin" {holy, rPois rC+ rN+ Dex-4}
  3255 | D:4      | 3255 ||| UPGRADING to amulet "Heunif" {RegenMP Regen+}.
  3260 | D:4      | 3260 ||| READING 2 scrolls labelled KITAEFF SEPEIR.
  3261 | D:4      | 3261 ||| DRINKING 2 yellow potions.
  3262 | D:4      | 3262 ||| DRINKING 2 sedimented cyan potions.
  3263 | D:4      | 3263 ||| READING 3 scrolls of identify.
  3263 | D:4      | 3263 ||| IDENTIFYING purple potion
  3264 | D:4      | 3264 ||| READING 2 scrolls of identify.
  3264 | D:4      | 3264 ||| IDENTIFYING coppery potion
  3265 | D:4      | 3265 ||| DROPPING potion of flight.
  3266 | D:4      | 3266 ||| DROPPING potion of invisibility.
  3267 | D:4      | 3267 ||| DROPPING scroll of immolation.
  3283 | D:5      | 3283 ||| Stepping ~*~*~tactically~*~*~ (stealth).
  3286 | D:5      | 3286 ||| Stepping ~*~*~tactically~*~*~ (stealth).
  3287 | D:5      | 3287 ||| Stepping ~*~*~tactically~*~*~ (stealth).
  3291 | D:5      | 3291 ||| Stepping ~*~*~tactically~*~*~ (outnumbered).
  3292 | D:5      | 3292 ||| Stepping ~*~*~tactically~*~*~ (outnumbered).
  3298 | D:5      | 3298 ||| DRINKING potion of curing.
  3298 | D:5      | 3298 ||| (to cure confusion)
  3352 | D:5      | Reached skill level 9 in Unarmed Combat
  3396 | D:5      | 3396 ||| Stepping ~*~*~tactically~*~*~ (outnumbered).
  3397 | D:5      | 3397 ||| Stepping ~*~*~tactically~*~*~ (outnumbered).
  3460 | D:5      | Found a sacrificial altar of Ru.
  3597 | D:5      | Reached skill level 1 in Throwing
  3726 | D:5      | 3726 ||| Stepping ~*~*~tactically~*~*~ (hiding).
  3727 | D:5      | 3727 ||| Stepping ~*~*~tactically~*~*~ (hiding).
  3759 | D:5      | 3759 ||| DRINKING 3 metallic clear potions.
  3760 | D:5      | 3760 ||| DRINKING 2 metallic silvery potions.
  3760 | D:5      | Gained mutation: Your flesh is heat resistant. (rF+)
                  | [potion of mutation]
  3760 | D:5      | Gained mutation: You passively dampen the noise of your
                  | surroundings. [potion of mutation]
  3761 | D:5      | 3761 ||| READING 2 scrolls of identify.
  3761 | D:5      | 3761 ||| IDENTIFYING metallic inky potion
  3762 | D:5      | 3762 ||| DROPPING 2 potions of degeneration.
  3790 | D:6      | Reached XP level 8. HP: 48/75 MP: 8/8
  3790 | D:6      | 3790 ||| STAIRDANCE
  3837 | D:6      | 3837 ||| Stepping ~*~*~tactically~*~*~ (stealth).
  3852 | D:6      | Found a staircase to the Ecumenical Temple.
  3883 | D:6      | 3883 ||| Stepping ~*~*~tactically~*~*~ (hiding).
  3898 | D:6      | Reached skill level 10 in Unarmed Combat
  3915 | D:6      | 3915 ||| FLEEEEING.
  3916 | D:6      | 3916 ||| FLEEEEING.
  3921 | D:6      | 3921 ||| STAIRDANCE
  3992 | D:6      | Found a glowing golden altar of the Shining One.
  4298 | D:6      | Reached skill level 1 in Dodging
  4483 | D:6      | 4483 ||| UPGRADING to ring of see invisible.
  4484 | D:6      | 4484 ||| READING scroll labelled QINGOS AMMU.
  4485 | D:6      | 4485 ||| DRINKING 2 murky black potions.
  4529 | D:6      | 4529 ||| DROPPING potion of lignification.
  4550 | D:7      | Found an iron altar of Okawaru.
  4650 | D:7      | 4650 ||| INVOKING Fiery Armour.
  4752 | D:7      | Reached skill level 11 in Unarmed Combat
  4761 | D:7      | Reached XP level 9. HP: 84/84 MP: 9/9
  4818 | D:7      | 4818 ||| Stepping ~*~*~tactically~*~*~ (outnumbered).
  4901 | D:7      | 4901 ||| Stepping ~*~*~tactically~*~*~ (hiding).
  4902 | D:7      | 4902 ||| Stepping ~*~*~tactically~*~*~ (hiding).
  4903 | D:7      | 4903 ||| Stepping ~*~*~tactically~*~*~ (hiding).
  4904 | D:7      | 4904 ||| Stepping ~*~*~tactically~*~*~ (hiding).
  4911 | D:7      | 4911 ||| Stepping ~*~*~tactically~*~*~ (outnumbered).
  4912 | D:7      | 4912 ||| Stepping ~*~*~tactically~*~*~ (outnumbered).
  4913 | D:7      | 4913 ||| Stepping ~*~*~tactically~*~*~ (outnumbered).
  4914 | D:7      | 4914 ||| Stepping ~*~*~tactically~*~*~ (outnumbered).
  4915 | D:7      | 4915 ||| Stepping ~*~*~tactically~*~*~ (outnumbered).
  4916 | D:7      | 4916 ||| Stepping ~*~*~tactically~*~*~ (outnumbered).
  4917 | D:7      | 4917 ||| Stepping ~*~*~tactically~*~*~ (outnumbered).
  4918 | D:7      | 4918 ||| Stepping ~*~*~tactically~*~*~ (outnumbered).
  4919 | D:7      | 4919 ||| Stepping ~*~*~tactically~*~*~ (outnumbered).
  4920 | D:7      | 4920 ||| Stepping ~*~*~tactically~*~*~ (outnumbered).
  4994 | D:7      | 4994 ||| Stepping ~*~*~tactically~*~*~ (hiding).
  5131 | D:7      | Found a runed translucent door.
  5132 | D:7      | Noticed Crazy Yiuf
  5242 | D:7      | 5242 ||| READING scroll labelled YSTROQ PAEGH.
  5242 | D:7      | Identified a scroll of acquirement
  5242 | D:7      | 5242 ||| ACQUIRING +2 hat of Courage {Regen+}
  5242 | D:7      | Acquired the +2 hat of Courage {Regen+}
  5244 | D:7      | 5244 ||| UPGRADING to +2 hat of Courage {Regen+}.
  5249 | D:7      | 5249 ||| READING 2 scrolls of identify.
  5249 | D:7      | 5249 ||| IDENTIFYING murky grey potion
  5276 | D:8      | 5276 ||| INVOKING Fiery Armour.
  5282 | D:8      | 5282 ||| Stepping ~*~*~tactically~*~*~ (outnumbered).
  5283 | D:8      | 5283 ||| Stepping ~*~*~tactically~*~*~ (outnumbered).
  5296 | D:8      | 5296 ||| Stepping ~*~*~tactically~*~*~ (hiding).
  5406 | D:8      | Found Rottopse's General Store.
  5455 | D:8      | 5455 ||| Stepping ~*~*~tactically~*~*~ (hiding).
  5460 | D:8      | 5460 ||| DRINKING 2 potions of curing.
  5460 | D:8      | 5460 ||| (to cure confusion)
  5463 | D:8      | Reached skill level 12 in Unarmed Combat
  5502 | D:8      | Noticed Psyche
  5503 | D:8      | 5503 ||| Stepping ~*~*~tactically~*~*~ (hiding).
  5510 | D:8      | Killed Psyche
  5533 | D:8      | Noticed Prince Ribbit
  5534 | D:8      | 5534 ||| Stepping ~*~*~tactically~*~*~ (stealth).
  5546 | D:8      | Killed Prince Ribbit
  5612 | D:8      | Found a flagged portal.
  5868 | D:8      | 5868 ||| READING 2 scrolls of identify.
  5868 | D:8      | 5868 ||| IDENTIFYING golden potion
  5869 | D:8      | 5869 ||| DROPPING potion of berserk rage.
  5899 | D:9      | 5899 ||| Stepping ~*~*~tactically~*~*~ (stealth).
  5900 | D:9      | 5900 ||| Stepping ~*~*~tactically~*~*~ (stealth).
  5902 | D:9      | 5902 ||| Stepping ~*~*~tactically~*~*~ (hiding).
  5904 | D:9      | 5904 ||| STAIRDANCE
  6009 | D:9      | 6009 ||| STAIRDANCE
  6011 | D:8      | 6011 ||| Stepping ~*~*~tactically~*~*~ (outnumbered).
  6024 | D:9      | 6024 ||| Stepping ~*~*~tactically~*~*~ (outnumbered).
  6025 | D:9      | 6025 ||| Stepping ~*~*~tactically~*~*~ (outnumbered).
  6026 | D:9      | 6026 ||| Stepping ~*~*~tactically~*~*~ (outnumbered).
  6027 | D:9      | 6027 ||| Stepping ~*~*~tactically~*~*~ (outnumbered).
  6028 | D:9      | 6028 ||| Stepping ~*~*~tactically~*~*~ (outnumbered).
  6029 | D:9      | 6029 ||| INVOKING Fiery Armour.
  6030 | D:9      | 6030 ||| Stepping ~*~*~tactically~*~*~ (outnumbered).
  6031 | D:9      | 6031 ||| Stepping ~*~*~tactically~*~*~ (outnumbered).
  6032 | D:9      | 6032 ||| Stepping ~*~*~tactically~*~*~ (outnumbered).
  6096 | D:9      | 6096 ||| Stepping ~*~*~tactically~*~*~ (stealth).
  6098 | D:9      | 6098 ||| Stepping ~*~*~tactically~*~*~ (hiding).
  6106 | D:9      | Noticed a troll
  6115 | D:9      | Killed a troll
  6116 | D:9      | Reached skill level 13 in Unarmed Combat
  6132 | D:9      | 6132 ||| Stepping ~*~*~tactically~*~*~ (stealth).
  6134 | D:9      | 6134 ||| Stepping ~*~*~tactically~*~*~ (stealth).
  6136 | D:9      | Reached XP level 10. HP: 96/96 MP: 10/10
  6148 | D:9      | 6148 ||| Stepping ~*~*~tactically~*~*~ (stealth).
  6250 | D:9      | 6250 ||| INVOKING Fiery Armour.
  6408 | D:9      | 6408 ||| Stepping ~*~*~tactically~*~*~ (outnumbered).
  6409 | D:9      | 6409 ||| Stepping ~*~*~tactically~*~*~ (outnumbered).
  6410 | D:9      | 6410 ||| Stepping ~*~*~tactically~*~*~ (outnumbered).
  6413 | D:9      | 6413 ||| Stepping ~*~*~tactically~*~*~ (outnumbered).
  6414 | D:9      | 6414 ||| Stepping ~*~*~tactically~*~*~ (outnumbered).
  6416 | D:9      | 6416 ||| Stepping ~*~*~tactically~*~*~ (outnumbered).
  6417 | D:9      | 6417 ||| Stepping ~*~*~tactically~*~*~ (outnumbered).
  6420 | D:9      | 6420 ||| Stepping ~*~*~tactically~*~*~ (outnumbered).
  6421 | D:9      | 6421 ||| Stepping ~*~*~tactically~*~*~ (outnumbered).
  6422 | D:9      | 6422 ||| Stepping ~*~*~tactically~*~*~ (outnumbered).
  6423 | D:9      | 6423 ||| Stepping ~*~*~tactically~*~*~ (outnumbered).
  6424 | D:9      | 6424 ||| Stepping ~*~*~tactically~*~*~ (outnumbered).
  6425 | D:9      | 6425 ||| Stepping ~*~*~tactically~*~*~ (outnumbered).
  6426 | D:9      | 6426 ||| Stepping ~*~*~tactically~*~*~ (outnumbered).
  6427 | D:9      | 6427 ||| Stepping ~*~*~tactically~*~*~ (outnumbered).
  6428 | D:9      | 6428 ||| Stepping ~*~*~tactically~*~*~ (outnumbered).
  6429 | D:9      | 6429 ||| Stepping ~*~*~tactically~*~*~ (outnumbered).
  6430 | D:9      | 6430 ||| Stepping ~*~*~tactically~*~*~ (outnumbered).
  6432 | D:9      | Reached skill level 14 in Unarmed Combat
  6432 | D:9      | 6432 ||| FLEEEEING.
  6435 | D:9      | 6435 ||| Stepping ~*~*~tactically~*~*~ (outnumbered).
  6436 | D:9      | 6436 ||| Stepping ~*~*~tactically~*~*~ (outnumbered).
  6439 | D:9      | 6439 ||| Stepping ~*~*~tactically~*~*~ (outnumbered).
  6440 | D:9      | 6440 ||| Stepping ~*~*~tactically~*~*~ (outnumbered).
  6441 | D:9      | 6441 ||| Stepping ~*~*~tactically~*~*~ (outnumbered).
  6442 | D:9      | 6442 ||| Stepping ~*~*~tactically~*~*~ (outnumbered).
  6443 | D:9      | 6443 ||| Stepping ~*~*~tactically~*~*~ (outnumbered).
  6648 | D:9      | 6648 ||| UPGRADING to +0 troll leather armour.
  6658 | D:9      | 6658 ||| DROPPING +0 robe.
  6659 | D:9      | 6659 ||| DROPPING orb of mayhem.
  6660 | D:9      | 6660 ||| READING scroll labelled BIR FEDOTS.
  6661 | D:9      | 6661 ||| READING 2 scrolls of identify.
  6661 | D:9      | 6661 ||| IDENTIFYING inky potion
  6662 | D:9      | 6662 ||| DROPPING potion of brilliance.
  6679 | D:10     | Entered Level 10 of the Dungeon
  6685 | D:10     | 6685 ||| FLEEEEING.
  6686 | D:10     | 6686 ||| FLEEEEING.
  6687 | D:10     | 6687 ||| FLEEEEING.
  6688 | D:10     | 6688 ||| FLEEEEING.
  6690 | D:10     | 6690 ||| STAIRDANCE
  6698 | D:10     | 6698 ||| INVOKING Fiery Armour.
  6699 | D:10     | 6699 ||| FLEEEEING.
  6700 | D:10     | 6700 ||| STAIRDANCE
  6706 | D:10     | 6706 ||| Stepping ~*~*~tactically~*~*~ (outnumbered).
  6708 | D:10     | 6708 ||| Stepping ~*~*~tactically~*~*~ (outnumbered).
  6711 | D:10     | 6711 ||| Stepping ~*~*~tactically~*~*~ (outnumbered).
  6713 | D:10     | 6713 ||| FLEEEEING.
  6718 | D:10     | 6718 ||| Stepping ~*~*~tactically~*~*~ (outnumbered).
  6720 | D:10     | 6720 ||| FLEEEEING.
  6722 | D:10     | 6722 ||| STAIRDANCE
  6728 | D:10     | 6728 ||| Stepping ~*~*~tactically~*~*~ (outnumbered).
  6731 | D:10     | 6731 ||| Stepping ~*~*~tactically~*~*~ (outnumbered).
  6733 | D:10     | 6733 ||| FLEEEEING.
  6737 | D:10     | 6737 ||| FLEEEEING.
  6739 | D:10     | 6739 ||| STAIRDANCE
  6746 | D:10     | 6746 ||| Stepping ~*~*~tactically~*~*~ (outnumbered).
  6750 | D:10     | 6750 ||| Stepping ~*~*~tactically~*~*~ (outnumbered).
  6754 | D:10     | 6754 ||| Stepping ~*~*~tactically~*~*~ (outnumbered).
  6756 | D:10     | 6756 ||| Stepping ~*~*~tactically~*~*~ (outnumbered).
  6758 | D:10     | 6758 ||| FLEEEEING.
  6760 | D:10     | 6760 ||| STAIRDANCE
  6766 | D:10     | 6766 ||| Stepping ~*~*~tactically~*~*~ (outnumbered).
  6769 | D:10     | 6769 ||| Stepping ~*~*~tactically~*~*~ (outnumbered).
  6771 | D:10     | 6771 ||| FLEEEEING.
  6776 | D:10     | 6776 ||| FLEEEEING.
  6781 | D:10     | 6781 ||| Stepping ~*~*~tactically~*~*~ (outnumbered).
  6783 | D:10     | 6783 ||| Stepping ~*~*~tactically~*~*~ (outnumbered).
  6786 | D:10     | 6786 ||| FLEEEEING.
  6791 | D:10     | 6791 ||| Stepping ~*~*~tactically~*~*~ (outnumbered).
  6793 | D:10     | 6793 ||| FLEEEEING.
  6798 | D:10     | 6798 ||| Stepping ~*~*~tactically~*~*~ (outnumbered).
  6801 | D:10     | 6801 ||| Stepping ~*~*~tactically~*~*~ (outnumbered).
  6805 | D:10     | 6805 ||| INVOKING Fiery Armour.
  6806 | D:10     | 6806 ||| Stepping ~*~*~tactically~*~*~ (outnumbered).
  6808 | D:10     | 6808 ||| Stepping ~*~*~tactically~*~*~ (outnumbered).
  6812 | D:10     | 6812 ||| Stepping ~*~*~tactically~*~*~ (outnumbered).
  6814 | D:10     | 6814 ||| FLEEEEING.
  6819 | D:10     | 6819 ||| FLEEEEING.
  6824 | D:10     | 6824 ||| Stepping ~*~*~tactically~*~*~ (outnumbered).
  6826 | D:10     | 6826 ||| Stepping ~*~*~tactically~*~*~ (outnumbered).
  6829 | D:10     | 6829 ||| FLEEEEING.
  6831 | D:10     | 6831 ||| STAIRDANCE
  6837 | D:10     | 6837 ||| Stepping ~*~*~tactically~*~*~ (outnumbered).
  6839 | D:10     | 6839 ||| FLEEEEING.
  6845 | D:10     | 6845 ||| Stepping ~*~*~tactically~*~*~ (outnumbered).
  6849 | D:10     | 6849 ||| FLEEEEING.
  6854 | D:10     | 6854 ||| FLEEEEING.
  6859 | D:10     | 6859 ||| Stepping ~*~*~tactically~*~*~ (outnumbered).
  6861 | D:10     | 6861 ||| FLEEEEING.
  6867 | D:10     | 6867 ||| Stepping ~*~*~tactically~*~*~ (outnumbered).
  6869 | D:10     | 6869 ||| FLEEEEING.
  6871 | D:10     | 6871 ||| STAIRDANCE
  6877 | D:10     | 6877 ||| Stepping ~*~*~tactically~*~*~ (outnumbered).
  6879 | D:10     | 6879 ||| FLEEEEING.
  6884 | D:10     | 6884 ||| Stepping ~*~*~tactically~*~*~ (outnumbered).
  6886 | D:10     | 6886 ||| Stepping ~*~*~tactically~*~*~ (outnumbered).
  6889 | D:10     | 6889 ||| Stepping ~*~*~tactically~*~*~ (outnumbered).
  6891 | D:10     | 6891 ||| FLEEEEING.
  6896 | D:10     | 6896 ||| FLEEEEING.
  6901 | D:10     | 6901 ||| Stepping ~*~*~tactically~*~*~ (outnumbered).
  6904 | D:10     | 6904 ||| Stepping ~*~*~tactically~*~*~ (outnumbered).
  6908 | D:10     | 6908 ||| Stepping ~*~*~tactically~*~*~ (outnumbered).
  6910 | D:10     | 6910 ||| Stepping ~*~*~tactically~*~*~ (outnumbered).
  6912 | D:10     | 6912 ||| Stepping ~*~*~tactically~*~*~ (outnumbered).
  6914 | D:10     | 6914 ||| Stepping ~*~*~tactically~*~*~ (outnumbered).
  6916 | D:10     | 6916 ||| FLEEEEING.
  6918 | D:10     | 6918 ||| STAIRDANCE
  6924 | D:10     | 6924 ||| Stepping ~*~*~tactically~*~*~ (outnumbered).
  6927 | D:10     | 6927 ||| INVOKING Fiery Armour.
  6928 | D:10     | 6928 ||| Stepping ~*~*~tactically~*~*~ (outnumbered).
  6930 | D:10     | 6930 ||| Stepping ~*~*~tactically~*~*~ (outnumbered).
  6932 | D:10     | 6932 ||| Stepping ~*~*~tactically~*~*~ (outnumbered).
  6935 | D:10     | 6935 ||| Stepping ~*~*~tactically~*~*~ (outnumbered).
  6938 | D:10     | 6938 ||| FLEEEEING.
  6944 | D:10     | 6944 ||| Stepping ~*~*~tactically~*~*~ (outnumbered).
  6946 | D:10     | 6946 ||| Stepping ~*~*~tactically~*~*~ (outnumbered).
  6948 | D:10     | 6948 ||| Stepping ~*~*~tactically~*~*~ (outnumbered).
  6950 | D:10     | 6950 ||| Stepping ~*~*~tactically~*~*~ (outnumbered).
  6953 | D:10     | 6953 ||| Stepping ~*~*~tactically~*~*~ (outnumbered).
  6955 | D:10     | 6955 ||| Stepping ~*~*~tactically~*~*~ (outnumbered).
  6957 | D:10     | 6957 ||| FLEEEEING.
  6962 | D:10     | 6962 ||| FLEEEEING.
  6968 | D:10     | 6968 ||| FLEEEEING.
  6969 | D:10     | 6969 ||| STAIRDANCE
  6975 | D:10     | 6975 ||| Stepping ~*~*~tactically~*~*~ (outnumbered).
  6979 | D:10     | 6979 ||| FLEEEEING.
  6984 | D:10     | 6984 ||| Stepping ~*~*~tactically~*~*~ (outnumbered).
  6988 | D:10     | 6988 ||| Stepping ~*~*~tactically~*~*~ (outnumbered).
  6990 | D:10     | 6990 ||| Stepping ~*~*~tactically~*~*~ (outnumbered).
  6992 | D:10     | 6992 ||| Stepping ~*~*~tactically~*~*~ (outnumbered).
  6994 | D:10     | 6994 ||| Stepping ~*~*~tactically~*~*~ (outnumbered).
  6997 | D:10     | 6997 ||| Stepping ~*~*~tactically~*~*~ (outnumbered).
  7000 | D:10     | 7000 ||| Stepping ~*~*~tactically~*~*~ (outnumbered).
  7002 | D:10     | 7002 ||| Stepping ~*~*~tactically~*~*~ (outnumbered).
  7004 | D:10     | 7004 ||| FLEEEEING.
  7008 | D:10     | 7008 ||| Stepping ~*~*~tactically~*~*~ (outnumbered).
  7011 | D:10     | 7011 ||| Stepping ~*~*~tactically~*~*~ (outnumbered).
  7014 | D:10     | 7014 ||| Stepping ~*~*~tactically~*~*~ (outnumbered).
  7017 | D:10     | 7017 ||| Stepping ~*~*~tactically~*~*~ (outnumbered).
  7019 | D:10     | 7019 ||| Stepping ~*~*~tactically~*~*~ (outnumbered).
  7021 | D:10     | 7021 ||| Stepping ~*~*~tactically~*~*~ (outnumbered).
  7023 | D:10     | 7023 ||| Stepping ~*~*~tactically~*~*~ (outnumbered).
  7025 | D:10     | 7025 ||| Stepping ~*~*~tactically~*~*~ (outnumbered).
  7029 | D:10     | 7029 ||| Stepping ~*~*~tactically~*~*~ (outnumbered).
  7031 | D:10     | 7031 ||| Stepping ~*~*~tactically~*~*~ (outnumbered).
  7033 | D:10     | 7033 ||| Stepping ~*~*~tactically~*~*~ (outnumbered).
  7036 | D:10     | 7036 ||| Stepping ~*~*~tactically~*~*~ (outnumbered).
  7038 | D:10     | 7038 ||| Stepping ~*~*~tactically~*~*~ (outnumbered).
  7040 | D:10     | 7040 ||| Stepping ~*~*~tactically~*~*~ (outnumbered).
  7042 | D:10     | 7042 ||| Stepping ~*~*~tactically~*~*~ (outnumbered).
  7044 | D:10     | 7044 ||| FLEEEEING.
  7049 | D:10     | 7049 ||| Stepping ~*~*~tactically~*~*~ (outnumbered).
  7052 | D:10     | 7052 ||| FLEEEEING.
  7054 | D:10     | 7054 ||| STAIRDANCE
  7060 | D:10     | 7060 ||| INVOKING Fiery Armour.
  7061 | D:10     | 7061 ||| FLEEEEING.
  7066 | D:10     | 7066 ||| Stepping ~*~*~tactically~*~*~ (outnumbered).
  7068 | D:10     | 7068 ||| Stepping ~*~*~tactically~*~*~ (outnumbered).
  7070 | D:10     | 7070 ||| Stepping ~*~*~tactically~*~*~ (outnumbered).
  7073 | D:10     | 7073 ||| FLEEEEING.
  7078 | D:10     | 7078 ||| Stepping ~*~*~tactically~*~*~ (outnumbered).
  7081 | D:10     | 7081 ||| Stepping ~*~*~tactically~*~*~ (outnumbered).
  7084 | D:10     | 7084 ||| Stepping ~*~*~tactically~*~*~ (outnumbered).
  7086 | D:10     | 7086 ||| Stepping ~*~*~tactically~*~*~ (outnumbered).
  7088 | D:10     | 7088 ||| Stepping ~*~*~tactically~*~*~ (outnumbered).
  7091 | D:10     | 7091 ||| FLEEEEING.
  7093 | D:10     | 7093 ||| STAIRDANCE
  7100 | D:10     | 7100 ||| Stepping ~*~*~tactically~*~*~ (outnumbered).
  7102 | D:10     | 7102 ||| Stepping ~*~*~tactically~*~*~ (outnumbered).
  7104 | D:10     | 7104 ||| Stepping ~*~*~tactically~*~*~ (outnumbered).
  7106 | D:10     | 7106 ||| Stepping ~*~*~tactically~*~*~ (outnumbered).
  7108 | D:10     | 7108 ||| FLEEEEING.
  7113 | D:10     | 7113 ||| Stepping ~*~*~tactically~*~*~ (outnumbered).
  7116 | D:10     | 7116 ||| Stepping ~*~*~tactically~*~*~ (outnumbered).
  7119 | D:10     | 7119 ||| FLEEEEING.
  7121 | D:10     | 7121 ||| STAIRDANCE
  7127 | D:10     | 7127 ||| Stepping ~*~*~tactically~*~*~ (outnumbered).
  7129 | D:10     | 7129 ||| Stepping ~*~*~tactically~*~*~ (outnumbered).
  7132 | D:10     | 7132 ||| FLEEEEING.
  7134 | D:10     | 7134 ||| STAIRDANCE
  7141 | D:10     | 7141 ||| Stepping ~*~*~tactically~*~*~ (outnumbered).
  7143 | D:10     | 7143 ||| Stepping ~*~*~tactically~*~*~ (outnumbered).
  7146 | D:10     | 7146 ||| Stepping ~*~*~tactically~*~*~ (outnumbered).
  7149 | D:10     | 7149 ||| Stepping ~*~*~tactically~*~*~ (outnumbered).
  7151 | D:10     | 7151 ||| Stepping ~*~*~tactically~*~*~ (outnumbered).
  7153 | D:10     | 7153 ||| Stepping ~*~*~tactically~*~*~ (outnumbered).
  7156 | D:10     | 7156 ||| Stepping ~*~*~tactically~*~*~ (outnumbered).
  7159 | D:10     | 7159 ||| Stepping ~*~*~tactically~*~*~ (outnumbered).
  7161 | D:10     | 7161 ||| Stepping ~*~*~tactically~*~*~ (outnumbered).
  7163 | D:10     | 7163 ||| FLEEEEING.
  7165 | D:10     | 7165 ||| STAIRDANCE
  7172 | D:10     | 7172 ||| FLEEEEING.
  7177 | D:10     | 7177 ||| INVOKING Fiery Armour.
  7178 | D:10     | 7178 ||| FLEEEEING.
  7179 | D:10     | 7179 ||| STAIRDANCE
  7185 | D:10     | 7185 ||| Stepping ~*~*~tactically~*~*~ (outnumbered).
  7187 | D:10     | 7187 ||| Stepping ~*~*~tactically~*~*~ (outnumbered).
  7189 | D:10     | 7189 ||| FLEEEEING.
  7194 | D:10     | 7194 ||| Stepping ~*~*~tactically~*~*~ (outnumbered).
  7198 | D:10     | 7198 ||| FLEEEEING.
  7203 | D:10     | 7203 ||| Stepping ~*~*~tactically~*~*~ (outnumbered).
  7205 | D:10     | 7205 ||| Stepping ~*~*~tactically~*~*~ (outnumbered).
  7209 | D:10     | 7209 ||| FLEEEEING.
  7211 | D:10     | 7211 ||| STAIRDANCE
  7217 | D:10     | 7217 ||| Stepping ~*~*~tactically~*~*~ (outnumbered).
  7219 | D:10     | 7219 ||| Stepping ~*~*~tactically~*~*~ (outnumbered).
  7221 | D:10     | 7221 ||| FLEEEEING.
  7226 | D:10     | 7226 ||| Stepping ~*~*~tactically~*~*~ (outnumbered).
  7230 | D:10     | 7230 ||| FLEEEEING.
  7235 | D:10     | 7235 ||| Stepping ~*~*~tactically~*~*~ (outnumbered).
  7238 | D:10     | 7238 ||| Stepping ~*~*~tactically~*~*~ (outnumbered).
  7240 | D:10     | 7240 ||| FLEEEEING.
  7244 | D:10     | 7244 ||| Stepping ~*~*~tactically~*~*~ (outnumbered).
  7246 | D:10     | 7246 ||| Stepping ~*~*~tactically~*~*~ (outnumbered).
  7248 | D:10     | 7248 ||| FLEEEEING.
  7252 | D:10     | 7252 ||| FLEEEEING.
  7258 | D:10     | 7258 ||| Stepping ~*~*~tactically~*~*~ (outnumbered).
  7260 | D:10     | 7260 ||| FLEEEEING.
  7266 | D:10     | 7266 ||| Stepping ~*~*~tactically~*~*~ (outnumbered).
  7269 | D:10     | 7269 ||| Stepping ~*~*~tactically~*~*~ (outnumbered).
  7273 | D:10     | 7273 ||| Stepping ~*~*~tactically~*~*~ (outnumbered).
  7276 | D:10     | 7276 ||| Stepping ~*~*~tactically~*~*~ (outnumbered).
  7278 | D:10     | 7278 ||| Stepping ~*~*~tactically~*~*~ (outnumbered).
  7282 | D:10     | 7282 ||| FLEEEEING.
  7284 | D:10     | 7284 ||| STAIRDANCE
  7292 | D:10     | 7292 ||| Stepping ~*~*~tactically~*~*~ (outnumbered).
  7295 | D:10     | 7295 ||| Stepping ~*~*~tactically~*~*~ (outnumbered).
  7298 | D:10     | 7298 ||| INVOKING Fiery Armour.
  7299 | D:10     | 7299 ||| Stepping ~*~*~tactically~*~*~ (outnumbered).
  7302 | D:10     | 7302 ||| Stepping ~*~*~tactically~*~*~ (outnumbered).
  7305 | D:10     | 7305 ||| Stepping ~*~*~tactically~*~*~ (outnumbered).
  7308 | D:10     | 7308 ||| FLEEEEING.
  7313 | D:10     | 7313 ||| FLEEEEING.
  7318 | D:10     | 7318 ||| Stepping ~*~*~tactically~*~*~ (outnumbered).
  7321 | D:10     | 7321 ||| FLEEEEING.
  7325 | D:10     | 7325 ||| Stepping ~*~*~tactically~*~*~ (outnumbered).
  7327 | D:10     | 7327 ||| Stepping ~*~*~tactically~*~*~ (outnumbered).
  7329 | D:10     | 7329 ||| Stepping ~*~*~tactically~*~*~ (outnumbered).
  7333 | D:10     | 7333 ||| FLEEEEING.
  7339 | D:10     | 7339 ||| FLEEEEING.
  7340 | D:10     | 7340 ||| STAIRDANCE
  7342 | D:9      | 7342 ||| PLANNING CONVERSION TO OKAWARU
  7416 | D:7      | Fell from the grace of Ignis
  7416 | D:7      | Became a worshipper of Warmaster Okawaru
  7417 | D:7      | 7417 ||| PLANNING D:1-11
  7529 | D:10     | 7529 ||| Stepping ~*~*~tactically~*~*~ (outnumbered).
  7530 | D:10     | 7530 ||| Stepping ~*~*~tactically~*~*~ (outnumbered).
  7531 | D:10     | 7531 ||| Stepping ~*~*~tactically~*~*~ (outnumbered).
  7532 | D:10     | 7532 ||| Stepping ~*~*~tactically~*~*~ (outnumbered).
  7533 | D:10     | 7533 ||| Stepping ~*~*~tactically~*~*~ (outnumbered).
  7534 | D:10     | 7534 ||| Stepping ~*~*~tactically~*~*~ (outnumbered).
  7535 | D:10     | 7535 ||| Stepping ~*~*~tactically~*~*~ (outnumbered).
  7536 | D:10     | 7536 ||| Stepping ~*~*~tactically~*~*~ (outnumbered).
  7537 | D:10     | 7537 ||| Stepping ~*~*~tactically~*~*~ (outnumbered).
  7538 | D:10     | 7538 ||| Stepping ~*~*~tactically~*~*~ (outnumbered).
  7547 | D:10     | Reached skill level 1 in Armour
  7586 | D:10     | 7586 ||| Stepping ~*~*~tactically~*~*~ (stealth).
  7590 | D:10     | Reached skill level 6 in Fighting
  7594 | D:10     | Identified the +7 flail "Qopnopil" {protect, Int+2}
  7595 | D:10     | 7595 ||| Stepping ~*~*~tactically~*~*~ (stealth).
  7596 | D:10     | 7596 ||| Stepping ~*~*~tactically~*~*~ (stealth).
  7597 | D:10     | 7597 ||| Stepping ~*~*~tactically~*~*~ (stealth).
  7602 | D:10     | 7602 ||| Stepping ~*~*~tactically~*~*~ (outnumbered).
  7606 | D:10     | Reached * piety under Okawaru
  7608 | D:10     | 7608 ||| Stepping ~*~*~tactically~*~*~ (outnumbered).
  7619 | D:10     | Reached skill level 1 in Invocations
  7647 | D:10     | 7647 ||| Stepping ~*~*~tactically~*~*~ (hiding).
  7650 | D:10     | 7650 ||| INVOKING Heroism.
  7682 | D:10     | Noticed a two-headed ogre
  7683 | D:10     | 7683 ||| INVOKING Heroism.
  7690 | D:10     | Killed a two-headed ogre
  7713 | D:10     | Reached skill level 3 in Invocations
  7761 | D:10     | Found a staircase to the Lair.
  7771 | D:10     | Found an ancient bone altar of Kikubaaqudgha.
  7775 | D:10     | 7775 ||| Stepping ~*~*~tactically~*~*~ (stealth).
  7778 | D:10     | 7778 ||| Stepping ~*~*~tactically~*~*~ (stealth).
  7783 | D:10     | 7783 ||| INVOKING Heroism.
  7786 | D:10     | Reached ** piety under Okawaru
  7787 | D:10     | Reached XP level 11. HP: 98/105 MP: 10/12
  7831 | D:10     | 7831 ||| Stepping ~*~*~tactically~*~*~ (outnumbered).
  7879 | D:10     | Found a portal to a secret trove of treasure.
  8025 | D:10     | 8025 ||| INVOKING Heroism.
  8032 | D:10     | Reached skill level 15 in Unarmed Combat
  8044 | D:10     | You fall into a shaft and drop 1 floor!
  8057 | D:11     | 8057 ||| READING 3 scrolls of identify.
  8057 | D:11     | 8057 ||| IDENTIFYING sedimented emerald potion
  8058 | D:11     | 8058 ||| READING 2 scrolls of identify.
  8058 | D:11     | 8058 ||| IDENTIFYING sedimented pink potion
  8061 | D:11     | 8061 ||| Stepping ~*~*~tactically~*~*~ (hiding).
  8140 | D:11     | Found a blossoming altar of Fedhas.
  8149 | D:11     | 8149 ||| Stepping ~*~*~tactically~*~*~ (stealth).
  8151 | D:11     | 8151 ||| Stepping ~*~*~tactically~*~*~ (outnumbered).
  8152 | D:11     | 8152 ||| Stepping ~*~*~tactically~*~*~ (outnumbered).
  8153 | D:11     | 8153 ||| Stepping ~*~*~tactically~*~*~ (outnumbered).
  8154 | D:11     | 8154 ||| Stepping ~*~*~tactically~*~*~ (outnumbered).
  8155 | D:11     | 8155 ||| Stepping ~*~*~tactically~*~*~ (outnumbered).
  8188 | D:10     | 8188 ||| INVOKING Heroism.
  8281 | D:10     | 8281 ||| PLANNING LAIR
  8325 | Lair:1   | Entered Level 1 of the Lair of Beasts
  8326 | Lair:1   | 8326 ||| INVOKING Heroism.
  8330 | Lair:1   | Noticed Fannar
  8345 | Lair:1   | HP: 26/105 [ice beast[Fannar] (2)]
  8346 | Lair:1   | 8346 ||| READING 3 scrolls of teleportation.
  8346 | Lair:1   | HP: 9/105 [Fannar/+0 quarterstaff of freezing (4)]
  8346 | Lair:1   | HP: 2/105 [ice beast[Fannar] (5)]
  8347 | Lair:1   | 8347 ||| DRINKING 2 potions of heal wounds.
  8348 | Lair:1   | 8348 ||| DRINKING potion of heal wounds.
  8359 | Lair:1   | 8359 ||| Stepping ~*~*~tactically~*~*~ (stealth).
  8361 | Lair:1   | 8361 ||| INVOKING Heroism.
  8367 | Lair:1   | Reached *** piety under Okawaru
  8409 | Lair:1   | 8409 ||| INVOKING Heroism.
  8411 | Lair:1   | Killed Fannar
  8420 | Lair:1   | You fall into a shaft and drop 1 floor!
  8438 | Lair:2   | Reached skill level 16 in Unarmed Combat
  8445 | Lair:2   | 8445 ||| INVOKING Heroism.
  8485 | Lair:2   | Noticed a boulder beetle
  8486 | Lair:2   | 8486 ||| INVOKING Heroism.
  8487 | Lair:2   | 8487 ||| Stepping ~*~*~tactically~*~*~ (outnumbered).
  8488 | Lair:2   | HP: 18/107 [komodo dragon (25)]
  8489 | Lair:2   | 8489 ||| READING 2 scrolls of teleportation.
  8489 | Lair:2   | HP: 8/107 [komodo dragon (13)]
  8491 | Lair:2   | Noticed a death yak
  8493 | Lair:2   | Slain by a death yak

Levels and vault maps discovered:
D:1:      roderic_crop_circles_arrival_small, layout_loops_cross, serial_rivers,
          chequers_serial_rivers_room_b, chequers_serial_rivers_small_a,
          chequers_serial_rivers_room_b, chequers_serial_rivers_micro_b,
          hangedman_decor_lopped, hex_tiny
D:2:      layout_basic, eino_tiny_chamber
D:3:      layout_loops_corners
D:4:      layout_rooms, minmay_divided_ellipse, uniq_edmund
D:5:      layout_cave_pools, mainiacjoe_overflow_tiny_flanked,
          grunt_ministairs_13, serial_park_tiny_2
D:6:      layout_loops_ring, mainiacjoe_overflow_alcove_2,
          minmay_temple_entry_stoned_glass
D:7:      layout_cave_pools, mainiacjoe_overflow_brackets, skrybe_limestone_x,
          grunt_ministairs_11, uniq_crazy_yiuf_cottage
D:8:      layout_rooms, enter_bailey_2, serial_shops, shop, uniq_prince_ribbit1,
          uniq_psyche
D:9:      layout_cave_pools, mrwooster_statue_mirror,
          chequers_serial_rivers_large_b
D:10:     layout_rooms, tgw_kikubaaqudgha, dpeg_oklobed_lair, serial_bayou,
          serial_bayou_pond_e, serial_bayou_shore_a, serial_bayou_pond_d,
          serial_bayou_pond_e, nicolae_trove_entry_isolated,
          minmay_fountain_box, serial_park_tiny_1
D:11:     layout_loops_ring, erik_orc_3, fedhas_bush_and_centaur_altar
Lair:1:   layout_layer_cave, grunt_forest_small_clearing_treed, uniq_fannar
Lair:2:   layout_regular_city, shoals_dummy_entry, spider_nest_entry_web_field,
          hangedman_lair_generics_rect

Skill      XL: |  1  2  3  4  5  6  7  8  9 10 11 |
---------------+----------------------------------+-----
Unarmed Combat | 4 5 6 8 9 11 13 14 16 | 16.0
Fighting       | 3 4 5 6 |  6.6
Throwing       | 1 2 |  2.0
Dodging        | 1 |  1.3
Armour         | 1 |  1.2
Invocations    | 3 4 |  4.0
Spellcasting   | |  1.0
Fire Magic     | |  2.1

Action                   |  1- 3 |  4- 6 |  7- 9 | 10-12 || total
-------------------------+-------+-------+-------+-------++-------
Melee: Unarmed           |   139 |    75 |   249 |   186 ||   649
       Punch             |     3 |     1 |     8 |     9 ||    21
Throw: Boomerang         |       |       |    27 |    17 ||    44
Invok: Fiery Armour      |     1 |     1 |     3 |     7 ||    12
       Heroism           |       |       |       |    10 ||    10
  Use: Scroll            |     7 |     3 |     8 |     6 ||    24
       Potion            |       |       |     7 |     2 ||     9
 Stab: Sleeping          |       |       |       |     1 ||     1
Armor: Robe              |    37 |    15 |    52 |    13 ||   117
       Troll leather arm |       |       |       |    51 ||    51
Dodge: Dodged            |    60 |    19 |    97 |    76 ||   252

Table legend:
 A = Non-vault XP
 B = Vault XP
 C = Vault XP percentage of total XP
 D = Non-vault monster count
 E = Vault monster count
 F = Vault count percentage of total count
                 A         B        C        D         E       F
            +---------+---------+-------+---------+---------+-------
      Total |   14077 |    3136 |  18.2 |     197 |      26 |  11.7
            +---------+---------+-------+---------+---------+-------
        D:1 |      31 |       0 |   0.0 |      19 |       0 |   0.0
        D:2 |      15 |       0 |   0.0 |      10 |       0 |   0.0
        D:3 |      63 |       0 |   0.0 |      18 |       0 |   0.0
        D:4 |     106 |     528 |  83.3 |       8 |      14 |  63.6
        D:5 |     527 |      77 |  12.7 |      20 |       4 |  16.7
        D:6 |     703 |       0 |   0.0 |      14 |       0 |   0.0
        D:7 |    1087 |     141 |  11.5 |      21 |       2 |   8.7
        D:8 |     682 |     648 |  48.7 |      23 |       2 |   8.0
        D:9 |    3020 |       0 |   0.0 |      26 |       0 |   0.0
       D:10 |    4796 |       0 |   0.0 |      24 |       0 |   0.0
       D:11 |     374 |     110 |  22.7 |       4 |       1 |  20.0
     Lair:1 |    2189 |     855 |  28.1 |       9 |       1 |  10.0
     Lair:2 |     484 |     777 |  61.6 |       1 |       2 |  66.7
            +---------+---------+-------+---------+---------+-------
